 Dungeon Crawl Stone Soup version 0.19.0-23-gf02e663 (console) character file.

45641 Eviona the Bludgeoner (level 14, -2/243 HPs)
             Began as an Ogre Berserker on Nov 19, 2016.
             Was a Priest of Trog.
             Shot with a bolt by a naga sharpshooter (10 damage)
             ... on level 1 of the Snake Pit.
             The game lasted 01:02:49 (26157 turns).

Eviona the Bludgeoner (Ogre Berserker)             Turns: 26157, Time: 01:02:50

Health: -2/243     AC: 12    Str: 33    XL:     14   Next: 34%
Magic:  14/14      EV:  7    Int:  2    God:    Trog [***...]
Gold:   330        SH: 14    Dex:  9    Spells: 0 memorised, 13 levels left

rFire  + . .     SeeInvis .     V - +7 mace {holy, *Drain +Inv rC+++ Int-3}
rCold  + + +     Gourm    .     P - +0 ice dragon scales
rNeg   + + .     Faith    .     I - +4 shield of the Devil's Advocate {rPois rN+ MR++ Int-2}
rPois  +         Spirit   .     N - -2 hat of the Alchemist {rElec rPois rF+ rC+ rN+ MR+ rMut rCorr}
rElec  +         Reflect  .     (no cloak)
rCorr  +         Harm     .     (gloves unavailable)
rMut   +                        (boots unavailable)
MR     ++++.                    (no amulet)
Stlth  ..........               j - ring of fire
                                y - ring of poison resistance

@: berserking (expiring), lethally poisoned (-2 -> -2), very quick
A: unfitting armour, tough skin 1
a: Berserk, Trog's Hand, Burn Spellbooks, Renounce Religion, Evoke Invisibility


You were on level 1 of the Snake Pit.
You worshipped Trog.
Trog was most pleased with you.
You were near starving.

You visited 3 branches of the dungeon, and saw 17 of its levels.

You collected 896 gold pieces.
You spent 566 gold pieces at shops.

Inventory:

Hand Weapons
 V - the +7 mace "Ecahenedd" (weapon) {holy, *Drain +Inv rC+++ Int-3}
   (You found it on level 9 of the Dungeon)

   It has been blessed by the Shining One to cause great damage to the undead
   and demons.
   It affects your intelligence (-3).
   It renders you almost immune to cold.
   It lets you turn invisible.
   It causes draining when unequipped.
 W - a +0 whip of electrocution
Missiles
 o - 225 stones (quivered)
 p - 3 exploding tomahawks
 s - 2 large rocks
 F - a throwing net
 H - 14 tomahawks
 L - 7 javelins of returning
Armour
 I - the +4 shield of the Devil's Advocate (worn) {rPois rN+ MR++ Int-2}
   (You found it on level 2 of the Lair of Beasts)

   It affects your intelligence (-2).
   It protects you from poison.
   It protects you from negative energy.
   It affects your resistance to hostile enchantments.
 N - the -2 hat of the Alchemist (worn) {rElec rPois rF+ rC+ rN+ MR+ rMut rCorr}
   (You bought it in a shop on level 8 of the Dungeon)

   It protects you from fire.
   It protects you from cold.
   It insulates you from electricity.
   It protects you from poison.
   It protects you from negative energy.
   It affects your resistance to hostile enchantments.
   It protects you from acid and corrosion.
   It protects you from mutation.
 P - +0 ice dragon scales (worn)
Jewellery
 i - a +3 ring of strength
 j - a ring of fire (right hand)
 k - an uncursed ring of wizardry {unknown}
 y - a ring of poison resistance (left hand)
 A - an uncursed ring of see invisible
Scrolls
 f - a scroll of identify
 g - 6 scrolls of remove curse
 v - 6 scrolls of teleportation
 J - 3 scrolls of fog
 O - a scroll of torment
Potions
 d - 3 potions of heal wounds
 e - 9 potions of curing
 l - 2 potions of resistance
 n - a potion of ambrosia
 q - a potion of berserk rage
 r - 2 potions of agility
 z - 2 potions of lignification
 B - 4 potions of might
 C - 3 potions of invisibility
 S - 4 potions of haste
 Y - a potion of cancellation
Comestibles
 a - 2 royal jellies
 b - 2 slices of pizza
 c - 7 bread rations
 h - 10 meat rations
 m - 5 beef jerkies
 X - 18 fruits


   Skills:
 + Level 16.0 Fighting
 - Level 18.0 Maces & Flails
 - Level 8.3 Throwing
 - Level 10.5 Armour
 - Level 2.6 Dodging
 - Level 3.2 Shields


You had 13 spell levels left.
You didn't know any spells.

Dungeon Overview and Level Annotations

Branches:
Dungeon (10/15)            Temple (0/1) D:5            Lair (6/6) D:10
 Shoals (0/4) Lair:2        Snake (1/4) Lair:3        Slime (0/5) Lair:6
    Orc: D:9-12

Altars:
Fedhas
Hepliaklqana
Makhleb
Qazlal
Ru
Yredelemnul
The Shining One
Jiyva

Shops:
D:8 [

Annotations:
D:7 exclusion: door
D:9 exclusion: 2 oklob saplings
Lair:3 Gastronok
Lair:4 1 runed door, exclusion: door
Lair:6 1 runed door, exclusion: door


Innate Abilities, Weirdness & Mutations

You are too large for most types of armour.
You have tough skin. (AC +1)


Message History

The naga warrior is heavily wounded.
You sock the naga warrior!
The naga warrior is heavily wounded.
The naga warrior releases its grip on you.
The naga sharpshooter unwields an uncursed flail.
The naga sharpshooter wields an uncursed longbow.
The naga sharpshooter casts a spell.
The naga sharpshooter magically shoots an arrow.
You block the arrow.
You closely miss the naga warrior.
The naga warrior is heavily wounded.
You feel sick.
You bludgeon the naga warrior!!
The naga warrior is severely wounded.
You sock the naga warrior!
The naga warrior is almost dead.
The naga sharpshooter gestures wildly while chanting.
The naga sharpshooter magically shoots a bolt.
The bolt hits you!
You die...

....# #...# #...####.
#........ #.. #.# ### #.
..#.# #.###... #.###.#.###
#.#≈#.# #.#.....#.... #.≈≈≈.#
#.###≈≈.#.... ##.≈≈≈.##
#.##≈≈≈.#.... ##≈.≈≈≈.≈#####
#.#.......... ##≈≈.≈≈≈....@N#
#.≈.≈≈≈.≈...#
#≈≈≈.≈≈≈≈≈≈≈#)###.≈.≈≈≈.≈....
#≈≈≈.≈≈≈≈≈≈≈#N#≈#.≈.≈≈≈.....#
##≈≈.≈≈≈≈≈≈##.≈≈≈.≈.≈≈≈≈≈≈.##
##≈))≈≈≈≈###N(≈≈............
##.)≈≈≈###≈()≈≈≈≈.≈≈≈≈##...
####))≈)#.....≈...≈.#≈≈###...
#...)..%).....≈.≈.≈...## #...
#......###(≈..≈.≈.≈.#.# #.##
#......# #.≈....≈.≈#..# ###
######## #.≈....≈.≈#...#


You could see a naga warrior and 2 naga sharpshooters.

Vanquished Creatures
  A naga warrior (Snake:1)
  2 hydras
  3 naga sharpshooters (Snake:1)
  A shock serpent (Snake:1)
  3 sea snakes
  An unseen horror (D:8)
  2 lindwurms
  5 naga magi
  A siren (Lair:2)
  An elephant (D:10)
  9 spiny frogs
  8 black mambas
  5 torpor snails (Lair:6)
  2 rime drakes (Lair:6)
  8 komodo dragons
  3 merfolk (Lair:2)
  4 tyrant leeches (Lair:6)
  10 hornets
  A two-headed ogre (D:8)
  Prince Ribbit (D:7)
  3 polar bears
  8 blink frogs
  6 hippogriffs
  4 dream sheep (Lair:6)
  2 wyverns
  5 basilisks
  31 yaks
  3 hungry ghosts
  Grum (Lair:1)
  3 mottled dragons (Lair:6)
  9 nagas
  10 water moccasins
  10 porcupines
  2 swamp drakes (Lair:6)
  A phantom (D:6)
  2 sky beasts
  3 black bears
  2 ice beasts
  4 ogres (D:5)
  A necrophage (D:9)
  10 wolves
  7 centaurs
  14 crocodiles
  A big kobold (D:7)
  11 bullfrogs
  4 scorpions
  9 killer bees
  10 electric eels
  A centaur zombie (D:7)
  5 crimson imps
  5 hounds
  2 bullfrog zombies
  A jelly (D:5)
  An orc priest (D:5)
  8 orc wizards
  Jessica (D:3)
  Ijyb (D:3)
  10 iguanas
  Natasha (twice) (D:3)
  8 hell rats (Lair:4)
  5 worker ants
  A hound zombie (D:5)
  A hound skeleton (D:9)
  A mummy (D:7)
  2 worker ant zombies
  4 gnolls (D:9)
  18 river rats (Lair:4)
  17 adders
  2 hound simulacra (D:8)
  2 shadow imps
  4 white imps (D:8)
  An ufetubus (D:8)
  5 oozes
  5 worms
  4 dart slugs
  9 leopard geckos
  15 orcs
  6 bats
  3 giant cockroaches
  11 goblins
  6 hobgoblins
  8 jackals (D:3)
  6 quokkas
  8 ball pythons
  11 frilled lizards
  13 kobolds
  3 kobold skeletons (D:6)
  A kobold zombie (D:6)
  A leopard gecko simulacrum (D:8)
  A leopard gecko skeleton (D:4)
  2 orc zombies (D:6)
  16 rats
484 creatures vanquished.

Vanquished Creatures (collateral kills)
  A hydra (Lair:5)
  A naga warrior (Snake:1)
  3 black mambas
  A guardian serpent (Snake:1)
  5 blink frogs
  2 nagas (Snake:1)
  A fungus (Lair:5)
14 creatures vanquished.

Vanquished Creatures (others)
  A hippogriff (Lair:6)
  13 fungi
  37 plants
51 creatures vanquished.

Grand Total: 549 creatures vanquished

Notes
Turn   | Place    | Note
-------+----------+-------------------------------------------
     0 | D:1      | Eviona the Ogre Berserker began the quest for the Orb.
     0 | D:1      | Reached XP level 1. HP: 24/24 MP: 1/1
    71 | D:1      | Reached XP level 2. HP: 25/32 MP: 2/2
   461 | D:1      | Reached XP level 3. HP: 40/40 MP: 3/3
   464 | D:1      | Reached skill level 5 in Maces & Flails
   473 | D:1      | Reached ** piety under Trog
   936 | D:2      | Reached XP level 4. HP: 36/49 MP: 4/4
  1246 | D:2      | Reached skill level 5 in Fighting
  1999 | D:3      | Reached skill level 6 in Maces & Flails
  2002 | D:3      | Noticed Jessica
  2131 | D:3      | Killed Jessica
  2131 | D:3      | Reached XP level 5. HP: 54/57 MP: 5/5
  2261 | D:3      | Noticed Ijyb
  2273 | D:3      | Killed Ijyb
  2537 | D:3      | Reached *** piety under Trog
  2577 | D:3      | Noticed Natasha
  2590 | D:3      | Killed Natasha
  2939 | D:3      | Reached skill level 7 in Maces & Flails
  3077 | D:3      | Noticed Natasha
  3085 | D:3      | Killed Natasha
  3085 | D:3      | Reached XP level 6. HP: 68/68 MP: 6/6
  3296 | D:4      | Found a basalt altar of Yredelemnul.
  3558 | D:4      | Found a burning altar of Makhleb.
  4216 | D:5      | Entered Level 5 of the Dungeon
  4352 | D:5      | Reached XP level 7. HP: 67/79 MP: 7/7
  4533 | D:5      | Found a staircase to the Ecumenical Temple.
  4537 | D:5      | Got a steaming rapier
  4569 | D:5      | Reached skill level 8 in Maces & Flails
  4793 | D:5      | Reached skill level 9 in Maces & Flails
  4954 | D:5      | Reached XP level 8. HP: 86/88 MP: 8/8
  5013 | D:5      | Reached skill level 10 in Maces & Flails
  5290 | D:5      | Reached skill level 1 in Throwing
  5918 | D:6      | Received a gift from Trog
  6381 | D:6      | Found a glowing golden altar of the Shining One.
  6560 | D:6      | Reached skill level 5 in Throwing
  6591 | D:6      | Noticed a green ugly thing
  7016 | D:7      | Noticed Prince Ribbit
  7053 | D:7      | Killed Prince Ribbit
  7053 | D:7      | Reached XP level 9. HP: 53/96 MP: 9/9
  7562 | D:7      | HP: 3/144 [killer bee (7)]
  8084 | D:8      | Noticed an unseen horror
  8092 | D:8      | Killed an unseen horror
  8092 | D:8      | Reached skill level 10 in Fighting
  8194 | D:7      | Reached skill level 11 in Maces & Flails
  8774 | D:8      | Reached **** piety under Trog
  8774 | D:8      | Reached XP level 10. HP: 36/110 MP: 10/10
  9042 | D:8      | Found a sacrificial altar of Ru.
  9044 | D:8      | Found a hazy altar of Hepliaklqana.
  9192 | D:8      | Reached skill level 12 in Maces & Flails
  9591 | D:8      | Found a stormy altar of Qazlal.
  9614 | D:8      | Found a blossoming altar of Fedhas.
  9928 | D:8      | Found Puzur's Armour Boutique.
 10162 | D:9      | Reached skill level 13 in Maces & Flails
 10337 | D:9      | Found a blossoming altar of Fedhas.
 10678 | D:9      | Received a gift from Trog
 11487 | D:9      | Got a distressingly furry robe
 11519 | D:9      | Got a smoking mace
 11520 | D:9      | Identified the +7 mace "Ecahenedd" {holy, *Drain +Inv rC+++ Int-3} (You found it on level 9 of the Dungeon)
 11540 | D:9      | Identified the +2 robe of Wobeja {*Slow Int+2 Dex+4} (You found it on level 9 of the Dungeon)
 11889 | D:9      | Reached skill level 14 in Maces & Flails
 12113 | D:9      | Reached skill level 15 in Maces & Flails
 12499 | D:9      | Reached XP level 11. HP: 115/116 MP: 11/11
 12679 | D:10     | Entered Level 10 of the Dungeon
 12880 | D:10     | Reached skill level 16 in Maces & Flails
 12929 | D:10     | Found a staircase to the Lair.
 12938 | Lair:1   | Entered Level 1 of the Lair of Beasts
 13539 | Lair:1   | Reached skill level 17 in Maces & Flails
 13843 | Lair:1   | Noticed Grum
 13866 | Lair:1   | Killed Grum
 14775 | Lair:2   | Reached skill level 18 in Maces & Flails
 14903 | Lair:2   | Found a staircase to the Shoals.
 14926 | Lair:2   | Reached skill level 1 in Armour
 15294 | Lair:2   | Got a pitted shield
 15300 | Lair:2   | Identified the +4 shield of the Devil's Advocate {rPois rN+ MR++ Int-2} (You found it on level 2 of the Lair of Beasts)
 15413 | Lair:2   | Reached skill level 1 in Shields
 15679 | Lair:2   | Reached XP level 12. HP: 125/125 MP: 12/12
 16280 | Lair:3   | Noticed Gastronok
 16815 | Lair:3   | Reached ***** piety under Trog
 16941 | Lair:3   | Noticed a seven-headed hydra
 17108 | Lair:3   | Found a staircase to the Snake Pit.
 17932 | D:8      | Bought the -2 hat of the Alchemist {rElec rPois rF+ rC+ rN+ MR+ rMut rCorr} for 566 gold pieces
 18420 | Lair:4   | Found a runed door.
 18953 | Lair:4   | Received a gift from Trog
 19233 | Lair:1   | Gained mutation: You evolve. [potion of beneficial mutation]
 20024 | Lair:5   | Noticed an eight-headed hydra
 20097 | Lair:5   | Received a gift from Trog
 20178 | Lair:5   | Killed an eight-headed hydra
 20178 | Lair:5   | Reached XP level 13. HP: 116/147 MP: 13/13
 20311 | Lair:5   | You fall through a shaft!
 20311 | Lair:6   | Entered Level 6 of the Lair of Beasts
 20334 | Lair:6   | Reached skill level 5 in Armour
 20614 | Lair:6   | Found a staircase to the Slime Pits.
 20614 | Lair:6   | Found a viscous altar of Jiyva.
 21361 | Lair:6   | Paralysed by a hornet for 1 turns
 23029 | Lair:6   | Received a gift from Trog
 23060 | Lair:6   | Found a runed door.
 23455 | Lair:6   | Noticed a fire dragon
 23570 | Lair:5   | Lost mutation: You evolve. [evolution]
 24343 | Snake:1  | Entered Level 1 of the Snake Pit
 24525 | Snake:1  | Reached skill level 10 in Armour
 24561 | Lair:3   | Reached XP level 14. HP: 40/156 MP: 14/14
 25398 | Snake:1  | Reached skill level 15 in Fighting
 26131 | Snake:1  | HP: 5/161 [naga sharpshooter/bolt (13)]
 26148 | Snake:1  | HP: 10/243 [naga sharpshooter/bolt (23)]
 26155 | Snake:1  | HP: 8/243 [poisoned by a naga sharpshooter (splash of poison)]
 26157 | Snake:1  | Shot with a bolt by a naga sharpshooter

Skill      XL: |  1  2  3  4  5  6  7  8  9 10 11 12 13 14 |
---------------+-------------------------------------------+-----
Maces & Flails | 5 6 7 9 10 11 15 18 | 18.0
Fighting       | 5 6 7 8 10 14 16 | 16.0
Throwing       | 6 8 |  8.3
Armour         | 2 4 10 | 10.5
Shields        | 2 3 |  3.2
Dodging        | |  2.6

Action                   |  1- 3 |  4- 6 |  7- 9 | 10-12 | 13-15 || total
-------------------------+-------+-------+-------+-------+-------++-------
Melee: Mace              |    90 |   269 |   225 |   658 |   574 ||  1816
       Flail             |       |       |   133 |    27 |       ||   160
       Giant spiked club |       |       |    26 |       |       ||    26
       Dire flail        |       |       |       |   222 |       ||   222
Throw: Stone             |       |    11 |    20 |   261 |   236 ||   528
       Tomahawk          |       |       |     5 |     3 |       ||     8
       Javelin           |       |       |       |     2 |    10 ||    12
       Large rock        |       |       |       |     2 |       ||     2
Invok: Trog's Hand       |       |     4 |     7 |     8 |     5 ||    24
       Berserk           |       |     1 |     3 |     2 |     3 ||     9
       Brothers in Arms  |       |       |       |     2 |     6 ||     8
  Use: Scroll            |       |    13 |     1 |    12 |     6 ||    32
       Potion            |       |       |     1 |     1 |     2 ||     4
 Stab: Sleeping          |       |       |     1 |       |       ||     1
       Confused          |       |       |       |       |     1 ||     1
  Eat: Chunk             |       |    14 |    11 |    40 |     9 ||    74
       Pizza             |       |       |     3 |     1 |       ||     4
       Meat ration       |       |       |     1 |       |       ||     1
       Royal jelly       |       |       |       |     1 |       ||     1
       Fruit             |       |       |       |       |    18 ||    18
Armor: Animal skin       |    21 |    26 |       |       |       ||    47
       Robe              |       |    72 |    74 |    45 |       ||   191
       Ice dragon scales |       |       |       |   150 |   110 ||   260
Dodge: Dodged            |    49 |   146 |   156 |   238 |    89 ||   678
Block: Shield            |       |       |       |   205 |   275 ||   480
